 Dungeon Crawl Stone Soup version 0.23.2-1-ga50397a (webtiles) character file.

Game seed: 15909462008725041725

129 kae the Insei (level 4, -2/33 HPs)
             Began as a Demonspawn Transmuter on Apr 14, 2019.
             Slain by an orc
             ... wielding a +0 morningstar
              (16 damage)
             ... on level 3 of the Dungeon.
             The game lasted 00:04:37 (3632 turns).

kae the Insei (Demonspawn Transmuter)               Turns: 3632, Time: 00:04:38

Health: -2/33      AC:  6    Str: 16    XL:     4   Next: 88%
Magic:  7/7        EV: 12    Int: 14    God:
Gold:   167        SH:  0    Dex: 14    Spells: 1/7 levels left

rFire    . . .     SeeInvis .   g - +0 dagger
rCold    . . .     Gourm    .   (no shield)
rNeg     . . .     Faith    .   b - +0 robe
rPois    .         Spirit   .   l - +0 helmet
rElec    .         Reflect  .   c - +1 cloak
rCorr    .         Harm     .   (no gloves)
MR       .....                  e - +0 pair of boots (curse)
Stlth    ++........             (no amulet)
HPRegen  0.11/turn              m - ring of attention (curse)
MPRegen  0.10/turn              (no ring)

@: mighty
A: nightstalker 1, powered by pain 1
a: no special abilities


You were on level 3 of the Dungeon.
You were not hungry.

You visited 1 branch of the dungeon, and saw 3 of its levels.

You collected 167 gold pieces.

Inventory:

Hand Weapons
 g - a +0 dagger (weapon)
Missiles
 a - 45 arrows
Armour
 b - a +0 robe (worn)
 c - a +1 cloak (worn)
 e - a cursed +0 pair of boots (worn)
 l - a +0 helmet (worn)
Jewellery
 m - a cursed ring of attention (left hand)
Scrolls
 f - 2 scrolls of identify
 h - a scroll of teleportation
 j - a scroll of remove curse {unknown}
 n - a scroll of amnesia {unknown}
Potions
 k - a potion of haste {unknown}
 o - a potion of heal wounds {unknown}
Comestibles
 d - 8 rations


   Skills:
 + Level 2.2 Fighting
 - Level 1.7 Dodging
 + Level 1.5 Stealth
 * Level 3.9 Unarmed Combat
 - Level 2.0 Spellcasting
 + Level 2.6 Transmutations


You had one spell level left.
You knew the following spells:

 Your Spells              Type           Power        Failure   Level  Hunger
a - Beastly Appendage     Tmut           #.....       9%          1    ##.....
b - Sticks to Snakes      Tmut           #.......     12%         2    ###....
c - Spider Form           Tmut/Pois      #.........   38%         3    ####...

Your spell library contained the following spells:

 Spells                   Type           Power        Failure   Level  Hunger
 Ice Form                 Ice/Tmut       #.......     80%         4    #####..
 Blade Hands              Tmut           #.........   92%         5    ######.


Dungeon Overview and Level Annotations

Branches:
Dungeon (3/15)

Altars:

Annotations:
D:2 Terence


Innate Abilities, Weirdness & Mutations

You are slightly more attuned to the shadows.
You sometimes gain a little power by taking damage.


Message History

You hit the orc.
The orc is heavily wounded.
The orc barely misses you.
You puncture the orc!
You kill the orc!
You completely miss the orc. The orc barely misses you.
You hit the orc.
The orc is heavily wounded.
The orc hits you but does no damage.
The orc shouts!
You puncture the orc!
You kill the orc!
You hear a shout! x2
An orc comes into view. It is wielding a +0 dagger.
Items here: )) [ †† a +4 war axe; a +0 dagger; a +0 robe; an orc corpse x2
A leopard gecko comes into view.
The orc barely misses you.
You barely miss the orc. The orc hits you with a +0 morningstar!
You die...

,,,,,..........#.#,..#*,,,*,*****
,,,,,..........#.#...#*****,,,,,,
,,,,,.......##.#.#...##**********
,,,,,.......##.#.#.....,,,,,**,,,
**,*,####...##.#.......****,**,*#
*,#.#......##.#.......,,,,,,,,,.
*,#.##.#.#.##.#.......,,,,,,,,*#
*,*...........#oo..l..*,,*****##
*,###......####@#.....,,,,*,,,..
*,..........).).##.###*,,,*,####
***##......######*.#,,,,,,*,#...
#......# *,#,***,,*,#.## ####.###
*,*,,,,,,*,#.#. ######.##
*,*,**,,,*,#... #.......#
*,*,,*,,,*,#... #.....[.#
****,****,,,*,#... #.......#
*,,,,,,,,,,,*,#...


You could see 2 orcs and a leopard gecko.

Vanquished Creatures
  An orc wizard (D:3)
  3 adders
  A dart slug (D:2)
  2 leopard geckos
  10 orcs
  4 bats (D:2)
  4 giant cockroaches (D:2)
  4 goblins
  8 hobgoblins
  2 jackals (D:1)
  6 kobolds
  A ball python (D:1)
  4 frilled lizards
  9 rats
59 creatures vanquished.

Notes
Turn   | Place    | Note
-------+----------+-------------------------------------------
     0 | D:1      | kae the Demonspawn Transmuter began the quest for the Orb.
     0 | D:1      | Reached XP level 1. HP: 15/15 MP: 3/3
   317 | D:1      | Reached skill level 3 in Unarmed Combat
   344 | D:1      | Gained mutation: You are slightly more attuned to the
                  | shadows. [demonic ancestry]
   344 | D:1      | Reached XP level 2. HP: 21/21 MP: 3/5
  1254 | D:2      | Gained mutation: You sometimes gain a little power by
                  | taking damage. [demonic ancestry]
  1254 | D:2      | Reached XP level 3. HP: 23/26 MP: 4/6
  1719 | D:2      | Noticed Terence
  1766 | D:2      | Reached skill level 1 in Stealth
  2171 | D:2      | Reached XP level 4. HP: 24/33 MP: 7/7
  2589 | D:3      | Learned a level 2 spell: Sticks to Snakes
  2593 | D:3      | Learned a level 3 spell: Spider Form
  3632 | D:3      | Slain by an orc

Skill      XL: |  1  2  3  4 |
---------------+-------------+-----
Unarmed Combat | 3 |  3.9
Transmutations | 2 |  2.6
Stealth        | 1 |  1.5
Fighting       | 2 |  2.2
Dodging        | |  1.7
Spellcasting   | |  2.0

Action                   |  1- 3 |  4- 6 || total
-------------------------+-------+-------++-------
Melee: Unarmed           |    18 |       ||    18
       Dagger            |   160 |   100 ||   260
       Kick              |     4 |       ||     4
       Punch             |     1 |     1 ||     2
       Headbutt          |     7 |     3 ||    10
 Cast: Beastly Appendage |    14 |     2 ||    16
  Use: Scroll            |     3 |     2 ||     5
       Potion            |     2 |     1 ||     3
 Stab: Sleeping          |     7 |       ||     7
  Eat: Chunk             |     4 |     2 ||     6
       Ration            |       |     1 ||     1
Armor: Robe              |    38 |    20 ||    58
       Skin              |     6 |       ||     6
Dodge: Dodged            |   113 |    65 ||   178
